 Dungeon Crawl Stone Soup version 0.19.1 (webtiles) character file.

71766 Pleb the Bludgeoner (level 14, -3/115 HPs)
             Began as a Demonspawn Wanderer on Nov 30, 2016.
             Was the Champion of Okawaru.
             Killed from afar by a storm dragon (41 damage)
             ... with a bolt of lightning
             ... on level 11 of the Dungeon.
             The game lasted 00:45:50 (21083 turns).

Pleb the Bludgeoner (Demonspawn Wanderer)          Turns: 21083, Time: 00:45:51

Health: -3/115     AC: 25    Str: 16    XL:     14   Next: 99%
Magic:  16/20      EV:  7    Int: 16    God:    Okawaru [******]
Gold:   752        SH:  5    Dex: 12    Spells: 0 memorised, 17 levels left

rFire  + + .     SeeInvis +     G - +5 eveningstar
rCold  . . .     Gourm    .     q - +1 chain mail
rNeg   + . .     Faith    +     O - +0 buckler
rPois  +         Spirit   .     (helmet restricted)
rElec  .         Reflect  .     M - +2 cloak {rPois}
rCorr  .         Harm     .     N - +0 pair of gloves
MR     +....                    h - +0 pair of boots
Stlth  ..........               v - amulet of faith
                                H - ring of Doinlodu {rF+ rN+ SInv}
                                X - ring of protection from fire

@: finesse, sanguine armour
A: horns 2, powered by death 3, sanguine armour 1
a: Heroism, Finesse, Renounce Religion


You were on level 11 of the Dungeon.
You worshipped Okawaru.
Okawaru was exalted by your worship.
You were hungry.

You visited 2 branches of the dungeon, and saw 17 of its levels.
You also visited: Sewer.

You collected 1240 gold pieces.
You spent 488 gold pieces at shops.

Inventory:

Hand Weapons
 G - a +5 eveningstar (weapon)
Missiles
 o - 42 bolts
 C - a throwing net (quivered)
Armour
 h - a +0 pair of boots (worn)
 q - a +1 chain mail (worn)
 M - a +2 cloak of poison resistance (worn)
 N - a +0 pair of gloves (worn)
 O - a +0 buckler (worn)
Rods
 J - a +2 rod of ignition (14/14)
   (You found it on level 6 of the Dungeon)
Jewellery
 n - a +4 amulet of reflection
 r - an uncursed ring of ice
 v - an amulet of faith (around neck)
 H - the ring of Doinlodu (right hand) {rF+ rN+ SInv}
   (You found it on level 4 of the Dungeon)

   [ring of see invisible]

   It protects you from fire.
   It protects you from negative energy.
   It lets you see invisible.
 Q - an uncursed ring of see invisible
 X - a ring of protection from fire (left hand)
Wands
 a - a wand of iceblast (10/15)
 b - a wand of iceblast (6/15)
 w - a wand of disintegration (10/24)
 D - a wand of heal wounds (2/9)
 U - a wand of heal wounds (4/9)
 W - a wand of lightning (1/15)
 Z - a wand of digging (11/24)
Scrolls
 e - a scroll of teleportation
 f - 3 scrolls of enchant weapon
 l - 12 scrolls of identify
 m - 4 scrolls of remove curse
 s - 3 scrolls of amnesia
 t - 4 scrolls of enchant armour
 y - 4 scrolls of magic mapping
 A - 2 scrolls of fear
 S - 2 scrolls of fog
 V - a scroll of blinking
Potions
 g - 4 potions of agility
 i - a potion of berserk rage
 p - 2 potions of brilliance
 z - 6 potions of curing
 B - a potion of ambrosia
 I - 6 potions of might
 K - a potion of haste
Comestibles
 j - 2 meat rations
 u - 11 beef jerkies
 F - 4 slices of pizza
 L - 13 royal jellies
 R - 5 bread rations


   Skills:
 + Level 12.2 Fighting
 - Level 16.0 Maces & Flails
   Level 1.0 Crossbows
 + Level 10.1 Armour
 - Level 5.0 Shields
 - Level 2.0 Spellcasting
   Level 2.6 Charms
 - Level 8.1 Invocations
 - Level 2.0 Evocations


You had 17 spell levels left.
You didn't know any spells.

Dungeon Overview and Level Annotations

Branches:
Dungeon (11/15)            Temple (0/1) D:7            Lair (6/6) D:9
  Swamp (0/4) Lair:3        Snake (0/4) Lair:3        Slime (0/5) Lair:5
    Orc (0/2) D:11

Altars:
Elyvilon
Kikubaaqudgha
Makhleb
Okawaru
Qazlal
Sif Muna
Trog
Vehumet
Xom
Yredelemnul
Zin
The Shining One
Jiyva

Shops:
D:4 :   D:8 *!}


Innate Abilities, Weirdness & Mutations

You have a pair of horns on your head.
You regenerate a lot of health from kills.
When seriously injured, your bleeding wounds create armour. (AC +6)


Message History

The storm dragon is severely wounded.
The storm dragon bites you but does no damage.
The storm dragon claws you but does no damage.
The storm dragon tramples you but does no damage.
You closely miss the storm dragon.
The storm dragon is severely wounded.
The worker ant closely misses you.
You puncture the storm dragon!
The storm dragon is severely wounded.
The storm dragon breathes lightning at you.
The bolt of lightning hits you!
* * * LOW HITPOINT WARNING * * *
Evoke which item? (* to show all) (? for menu, Esc to quit)
Zapping:
D - a wand of heal wounds (3/9)
Press: ? - help, Shift-Dir - straight line, f - you You feel much better.
This wand has 2 charges left.
The worker ant closely misses you.
The storm dragon breathes lightning at you.
The bolt of lightning hits you!
You die...

...#<......................
.....
...##..(..................
...(.
....+...................
......
#####..................#
.....#
........###............
###..#
........##.............
##.# ..[.....##.........###
.. ...#######.......a.# .#.
........##.....#@.## #.
........#########D##
.............# ###(#
.............# #()##
.............# ###)..#
.............# ####
.............# #
.........######### ###
|........# #...# #|#


You could see a storm dragon and a worker ant.

Vanquished Creatures
  A sphinx (D:11)
  3 hydras
  4 catoblepae (Lair:6)
  10 death yaks
  A queen ant (Lair:3)
  Urug (D:11)
  3 hill giants
  A cyclops (D:11)
  7 black mambas
  14 elephants
  Psyche (D:9)
  A torpor snail (Lair:6)
  11 spiny frogs
  A rime drake (Lair:6)
  5 komodo dragons
  A polar bear (Lair:4)
  2 two-headed ogres
  A tyrant leech (Lair:3)
  A hornet (D:10)
  10 hippogriffs
  25 blink frogs
  5 wyverns
  45 yaks
  A vampire (D:11)
  2 wraiths
  A basilisk (Lair:3)
  The ghost of letownia the Conjurer, an amateur NaWz (D:3)
  2 nagas (Lair:3)
  8 soldier ants
  Duvessa (D:7)
  8 water moccasins
  7 porcupines
  An ice beast (D:9)
  2 black bears
  5 orc warriors
  2 sky beasts
  3 ogres
  2 centaurs
  2 phantoms
  11 crocodiles
  8 big kobolds
  14 bullfrogs
  Dowan (D:7)
  4 scorpions
  A water moccasin skeleton (D:10)
  6 killer bees (D:8)
  4 wights
  An electric eel (Lair:1)
  A howler monkey (D:8)
  2 crimson imps
  2 bullfrog zombies
  A centaur zombie (D:9)
  12 hounds
  A quasit (D:6)
  A jelly (D:7)
  3 orc priests
  2 bullfrog skeletons
  A centaur skeleton (D:9)
  2 human zombies (D:9)
  3 iguanas
  Terence (D:2)
  32 worker ants
  8 orc wizards
  A hound skeleton (D:6)
  5 mummies (D:9)
  A worker ant zombie (D:11)
  6 gnolls
  20 adders
  3 river rats (D:9)
  3 shadow imps
  An ooze (Sewer)
  An adder zombie (D:6)
  An adder skeleton (D:8)
  2 worms
  2 dart slugs (D:2)
  13 leopard geckos
  26 orcs
  11 bats
  6 giant cockroaches
  6 hobgoblins
  4 jackals (D:1)
  2 quokkas
  10 ball pythons
  5 frilled lizards
  9 goblins
  A jackal skeleton (D:4)
  36 kobolds
  A leopard gecko skeleton (D:5)
  An orc zombie (D:9)
  24 rats
525 creatures vanquished.

Vanquished Creatures (others)
  5 dream sheep (Lair:1)
  11 fungi
  9 plants
25 creatures vanquished.

Grand Total: 550 creatures vanquished

Notes
Turn   | Place    | Note
-------+----------+-------------------------------------------
     0 | D:1      | Pleb the Demonspawn Wanderer began the quest for the Orb.
     0 | D:1      | Pleb set off with: a +2 hand crossbow, 30 bolts, the Handbook of Black Rituals, a +0 robe, a bread ration
     0 | D:1      | Reached XP level 1. HP: 15/15 MP: 3/3
     0 | D:1      | Identified the Handbook of Black Rituals
   211 | D:1      | Gained mutation: You have a pair of small horns on your head. [demonic ancestry]
   211 | D:1      | Reached XP level 2. HP: 22/22 MP: 5/5
  1103 | D:2      | Found a faded altar of an unknown god.
  1255 | D:2      | Reached XP level 3. HP: 24/29 MP: 6/6
  1524 | D:2      | Noticed Terence
  1653 | D:2      | Killed Terence
  1800 | D:2      | Gained mutation: You regenerate a little health from kills. [demonic ancestry]
  1800 | D:2      | Reached XP level 4. HP: 37/37 MP: 7/7
  2194 | D:3      | Noticed letownia's ghost (amateur NaWz)
  2467 | D:3      | Reached XP level 5. HP: 27/43 MP: 8/8
  2704 | D:3      | Found a radiant altar of Vehumet.
  2737 | D:3      | Killed letownia's ghost
  2737 | D:3      | Reached XP level 6. HP: 49/52 MP: 9/9
  2836 | D:3      | Found an ancient bone altar of Kikubaaqudgha.
  2959 | D:3      | Found an iron altar of Okawaru.
  2977 | D:3      | Became a worshipper of Warmaster Okawaru
  3789 | D:4      | Found Oteyg's Book Boutique.
  3887 | D:4      | Found a bloodstained altar of Trog.
  3899 | D:4      | Got a warped jade ring
  3952 | D:4      | Identified the ring of Doinlodu {rF+ rN+ SInv} (You found it on level 4 of the Dungeon)
  4056 | D:4      | Gained mutation: You regenerate health from kills. [demonic ancestry]
  4056 | D:4      | Reached XP level 7. HP: 51/60 MP: 10/10
  4107 | D:5      | Entered Level 5 of the Dungeon
  4120 | D:5      | Reached skill level 1 in Maces & Flails
  4269 | D:5      | Reached skill level 2 in Maces & Flails
  4435 | D:5      | Found a stormy altar of Qazlal.
  4471 | D:5      | Reached * piety under Okawaru
  4527 | D:5      | Reached skill level 3 in Maces & Flails
  4823 | D:5      | Reached skill level 4 in Maces & Flails
  5164 | D:5      | Found a deep blue altar of Sif Muna.
  5238 | D:6      | Reached XP level 8. HP: 53/67 MP: 11/11
  5303 | D:6      | Reached skill level 5 in Maces & Flails
  5604 | D:6      | Reached skill level 6 in Maces & Flails
  5610 | D:6      | Reached ** piety under Okawaru
  5669 | D:6      | Found a glowing drain.
  5673 | Sewer    | Entered a sewer
  6130 | Sewer    | Reached skill level 7 in Maces & Flails
  6679 | D:7      | Reached skill level 8 in Maces & Flails
  6762 | D:7      | Found a burning altar of Makhleb.
  7112 | D:7      | Gained mutation: You regenerate a lot of health from kills. [demonic ancestry]
  7112 | D:7      | Reached XP level 9. HP: 61/72 MP: 9/12
  7146 | D:7      | Reached *** piety under Okawaru
  7146 | D:7      | Reached skill level 9 in Maces & Flails
  7282 | D:7      | Found a staircase to the Ecumenical Temple.
  7334 | D:7      | Noticed Dowan
  7335 | D:7      | Noticed Duvessa
  7346 | D:7      | Killed Duvessa
  7362 | D:7      | Killed Dowan
  7449 | D:7      | Found a glowing silver altar of Zin.
  7449 | D:7      | Found a glowing golden altar of the Shining One.
  7449 | D:7      | Found a white marble altar of Elyvilon.
  7809 | D:8      | Found Zegucie's Gadget Emporium.
  7880 | D:8      | Reached skill level 10 in Maces & Flails
  8347 | D:8      | Reached **** piety under Okawaru
  8350 | D:8      | Found Nuss's Distillery.
  8371 | D:8      | Bought a potion of haste for 120 gold pieces
  8425 | D:8      | Found Fecogruu's Assorted Antiques.
  8433 | D:8      | Bought a glowing cloak for 336 gold pieces
  8433 | D:8      | Bought a scroll labeled WORURYRPH ROYS for 32 gold pieces
  8682 | D:8      | Reached skill level 1 in Shields
  9399 | D:9      | Reached XP level 10. HP: 80/80 MP: 13/13
  9502 | D:9      | Identified a +2 rod of ignition (14/14) (You found it on level 6 of the Dungeon)
  9644 | D:9      | Noticed a hill giant
  9659 | D:9      | Killed a hill giant
  9659 | D:9      | Reached ***** piety under Okawaru
  9687 | D:9      | Found a staircase to the Lair.
  9830 | D:9      | Reached skill level 11 in Maces & Flails
  9915 | D:9      | Found a basalt altar of Yredelemnul.
 10111 | D:9      | Noticed Psyche
 10121 | D:9      | Killed Psyche
 10271 | D:10     | Entered Level 10 of the Dungeon
 10312 | D:10     | Received a gift from Okawaru
 10315 | D:10     | Got a jewelled cloak {god gift}
 10326 | D:10     | Identified the -3 cloak of the Eight Boll Weevils {Str+3} (Okawaru gifted it to you on level 10 of the Dungeon)
 10596 | D:10     | Noticed a hill giant
 10622 | D:10     | Killed a hill giant
 11234 | D:10     | Reached XP level 11. HP: 87/87 MP: 14/14
 11478 | D:11     | Found a staircase to the Orcish Mines.
 11479 | D:11     | Noticed Urug
 11767 | Lair:1   | Entered Level 1 of the Lair of Beasts
 12641 | Lair:1   | Found a shimmering altar of Xom.
 12669 | Lair:1   | Reached skill level 12 in Maces & Flails
 13093 | Lair:1   | Reached skill level 5 in Armour
 13287 | Lair:2   | Reached skill level 5 in Shields
 13709 | Lair:2   | Reached skill level 10 in Fighting
 14514 | Lair:2   | Received a gift from Okawaru
 15132 | Lair:3   | Found a staircase to the Snake Pit.
 15162 | Lair:3   | Reached ****** piety under Okawaru
 15162 | Lair:3   | Received a gift from Okawaru
 15162 | Lair:3   | Gained mutation: When seriously injured, your bleeding wounds create armour. (AC +6) [demonic ancestry]
 15162 | Lair:3   | Reached XP level 12. HP: 63/99 MP: 15/15
 15271 | Lair:3   | Found a staircase to the Swamp.
 15520 | Lair:3   | Noticed a queen ant
 15542 | Lair:3   | Killed a queen ant
 15574 | Lair:3   | Reached skill level 13 in Maces & Flails
 15898 | Lair:3   | Noticed a four-headed hydra
 15910 | Lair:3   | Killed a four-headed hydra
 16094 | Lair:4   | Received a gift from Okawaru
 16256 | Lair:4   | Received a gift from Okawaru
 16327 | Lair:4   | Reached skill level 14 in Maces & Flails
 17105 | Lair:5   | Noticed a death yak
 17118 | Lair:5   | Killed a death yak
 17334 | Lair:5   | Identified a scroll of acquirement
 17534 | Lair:5   | Found a viscous altar of Jiyva.
 17534 | Lair:5   | Found a staircase to the Slime Pits.
 17554 | Lair:5   | Reached XP level 13. HP: 98/104 MP: 16/16
 17723 | Lair:5   | Reached skill level 15 in Maces & Flails
 18077 | Lair:6   | Entered Level 6 of the Lair of Beasts
 18251 | Lair:6   | Gained mutation: You have a pair of horns on your head. [demonic ancestry]
 18251 | Lair:6   | Reached XP level 14. HP: 111/111 MP: 17/17
 18347 | Lair:6   | Reached skill level 16 in Maces & Flails
 18392 | Lair:6   | Reached skill level 1 in Invocations
 18452 | Lair:6   | Received a gift from Okawaru
 19249 | Lair:6   | Reached skill level 5 in Invocations
 19308 | Lair:6   | Received a gift from Okawaru
 20658 | D:11     | Killed Urug
 20990 | D:11     | Reached skill level 10 in Armour
 20991 | D:11     | Noticed a sphinx
 20998 | D:11     | Killed a sphinx
 21054 | D:11     | Received a gift from Okawaru
 21059 | D:11     | Noticed a storm dragon
 21083 | D:11     | Killed from afar by a storm dragon

Skill      XL: |  1  2  3  4  5  6  7  8  9 10 11 12 13 14 |
---------------+-------------------------------------------+-----
Fighting       | 2 3 4 6 7 8 10 12 | 12.2
Maces & Flails | 4 8 10 11 12 14 15 16 | 16.0
Shields        | 1 3 5 |  5.0
Armour         | 2 4 7 10 | 10.1
Invocations    | 8 |  8.1
Crossbows      | |  1.0
Spellcasting   | |  2.0
Charms         | |  2.6
Evocations     | |  2.0

Action                   |  1- 3 |  4- 6 |  7- 9 | 10-12 | 13-15 || total
-------------------------+-------+-------+-------+-------+-------++-------
Melee: Whip              |    29 |    98 |   644 |  1000 |       ||  1771
       Headbutt          |     1 |    16 |   102 |   290 |   139 ||   548
       Short sword       |       |    33 |       |       |       ||    33
       Punch             |       |       |     1 |       |       ||     1
       Eveningstar       |       |       |       |   419 |   621 ||  1040
 Fire: Hand crossbow     |    66 |    45 |       |       |       ||   111
Invok: Heroism           |       |       |     2 |     9 |    11 ||    22
       Finesse           |       |       |       |       |     2 ||     2
Evoke: Wand              |       |       |       |     2 |     1 ||     3
  Use: Scroll            |     2 |       |    13 |     9 |     2 ||    26
       Potion            |       |     1 |     9 |     4 |     5 ||    19
 Stab: Petrified         |       |       |       |       |     8 ||     8
  Eat: Chunk             |     2 |     3 |    12 |    15 |    10 ||    42
       Bread ration      |       |     1 |     1 |       |       ||     2
       Meat ration       |       |       |       |     3 |       ||     3
Armor: Robe              |     7 |       |       |       |       ||     7
       Chain mail        |       |    92 |   432 |   467 |   265 ||  1256
Dodge: Dodged            |    36 |    41 |   168 |   250 |   115 ||   610
Block: Other             |     2 |    32 |    79 |       |       ||   113
       Reflection        |       |     1 |     4 |     5 |       ||    10
       Buckler           |       |       |    37 |   429 |   171 ||   637
